WCHLSIM.com - West Coast Hockey League
html PUBLIC "-//W3C//DTD XHTML 1.0 Transitional//EN" "http://www.w3.org/TR/xhtml1/DTD/xhtml1-transitional.dtd"> WCHL - Game 90 - SEATTLE GRUNGE vs LONG BEACH BARACUDAS

SEATTLE GRUNGE vs LONG BEACH BARACUDAS

Created - 25 octobre 2021 at 22:33

Goals
1 2 3 T
SEATTLE GRUNGE 0 0 0 0
LONG BEACH BARACUDAS 2 0 1 3
Shots
1 2 3 T
SEATTLE GRUNGE 5 11 1 17
LONG BEACH BARACUDAS 11 11 6 28

1st period

1. LONG BEACH BARACUDAS , Taylor Hall 4 (Michael Del Zotto 1) at 7:52
2. LONG BEACH BARACUDAS , Robert Fabbri 3 (Victor Rask 2, Jaden Schwartz 2) at 16:50 (PP)

Penalties :
Travis Sanheim (SEA) for Holding (Minor) at 5:02, Matthew Grzelcyk (SEA) for Tripping (Minor) at 15:26

2nd period

No Goal

Penalties :
Matthew Grzelcyk (SEA) for Elbowing (Minor) at 0:40, Trevor van Riemsdyk (LOB) for Cross-checking (Minor) at 2:55, Jared Spurgeon (LOB) for Cross-checking (Minor) at 10:12, Jaden Schwartz (LOB) for Interference (Minor) at 16:26

3rd period

3. LONG BEACH BARACUDAS , Joshua Norris 2 (Taylor Hall 4, Jakub Voracek 4) at 3:28 (PP)

Penalties :
David Savard (SEA) for Hooking (Minor) at 1:56, David Savard (SEA) for Roughing (Minor) at 4:52, Trevor Lewis (SEA) for Cross-checking (Minor) at 8:16, Danny DeKeyser (SEA) for Holding (Minor) at 11:19, David Savard (SEA) for Holding Stick (Minor) at 18:20

Goalie Stats

Ryan Miller (SEA), 25 saves from 28 shots - (0,893), L, 0-1-0, 60:00 minutes
Jake Oettinger (LOB), 17 saves from 17 shots - (1,000), W, 1-0-0, 60:00 minutes

Players Stats for SEATTLE GRUNGE

Player Name              G  A  P  +/- PIM S  H  SB GA TA FO     MP     PP MP  PK MP  
------------------------------------------------------------------------------------
Carl Hagelin             0  0  0  -1  0   1  1  0  0  0  1/1    18:37   2:24   5:34 
Carter Rowney            0  0  0   0  0   0  2  1  0  0  8/22   11:54   0:00   8:21 
Conor Sheary             0  0  0  -1  0   3  0  0  0  0  0/2    20:09   2:24   7:06 
Damon Severson           0  0  0   0  0   0  1  3  0  0  0/0    25:33   3:10   7:36 
Danny DeKeyser           0  0  0   0  2   0  3  0  0  0  0/0    15:44   0:00   4:01 
David Savard             0  0  0  -1  6   0  3  1  0  0  0/0    17:46   0:00   4:25 
Eric Staal               0  0  0   0  0   0  0  0  0  0  3/9    10:45   0:00   0:00 
Jake Guentzel            0  0  0   0  0   5  0  0  0  0  0/1    18:09   3:33   0:00 
James Neal               0  0  0   0  0   1  3  0  0  0  0/1    10:55   0:10   0:00 
Kevin Rooney             0  0  0  -1  0   1  2  0  0  0  5/9    10:39   0:00   0:00 
Matthew Grzelcyk         0  0  0   0  4   2  1  1  0  0  0/0    14:07   2:47   0:00 
Mike Hoffman             0  0  0   0  0   1  0  0  0  0  0/1    18:09   3:33   0:00 
Morgan Geekie            0  0  0   0  0   0  0  0  0  0  5/9    11:43   2:14   5:56 
Roman Josi               0  0  0   0  0   3  1  2  0  0  0/0    24:55   2:47   7:21 
Travis Sanheim           0  0  0  -1  2   0  0  0  0  0  0/0    21:48   3:10   5:37 
Trevor Lewis             0  0  0   0  2   0  4  0  0  0  1/3    11:39   0:00   0:55 
Tyler Seguin             0  0  0   0  0   0  0  0  0  0  15/22  18:09   3:33   0:00 
Wayne Simmonds           0  0  0   0  0   0  0  0  0  0  0/0     4:41   0:00   1:08 

Players Stats for LONG BEACH BARACUDAS

Player Name              G  A  P  +/- PIM S  H  SB GA TA FO     MP     PP MP  PK MP  
------------------------------------------------------------------------------------
Alex Pietrangelo         0  0  0   0  0   0  0  1  0  0  0/0    19:30   0:00   3:49 
Alexandre Texier         0  0  0   0  0   0  1  0  0  0  2/2     5:37   0:00   0:00 
Brock Nelson             0  0  0   1  0   2  1  0  0  0  14/23  20:16   7:12   0:00 
Callan Foote             0  0  0   0  0   0  1  0  0  0  0/0    11:09   0:00   2:22 
Derek Stepan             0  0  0   0  0   1  0  0  0  0  4/12   12:56   0:00   3:19 
J.T. Compher             0  0  0   0  0   3  0  0  0  0  1/2    19:20   7:23   3:13 
Jaden Schwartz           0  1  1   0  2   6  2  0  0  0  0/1    19:25   7:18   0:00 
Jake Gardiner            0  0  0   0  0   0  0  1  0  0  0/0    16:10   7:23   0:00 
Jakub Voracek            0  1  1   0  0   2  1  0  0  0  1/2    19:20   7:12   0:00 
Jared Spurgeon           0  0  0   1  2   1  1  2  0  0  0/0    16:32   0:00   1:28 
Joshua Norris            1  0  1   0  0   8  0  0  0  0  8/16   19:15   7:07   0:00 
Max Domi                 0  0  0   0  0   0  0  0  0  0  1/1     9:45   0:08   0:00 
Michael Del Zotto        0  1  1   1  0   1  0  0  0  0  0/0    23:36   7:07   3:03 
Patrick Marleau          0  0  0   0  0   0  0  0  0  0  0/0     7:22   0:00   2:38 
Robert Fabbri            1  0  1   1  0   1  0  0  0  0  2/2    20:14   7:10   0:00 
Taylor Hall              1  1  2   1  0   3  0  1  0  0  1/3    20:22   7:12   0:06 
Trevor van Riemsdyk      0  0  0   0  2   0  0  0  0  0  0/0    18:31   0:00   1:12 
Victor Rask              0  1  1   0  0   0  0  0  0  0  8/16   14:40   7:18   2:38 

3 Stars

1 - Jake Oettinger (LOB)
2 - Taylor Hall (LOB)
3 - Robert Fabbri (LOB)

Power Play

SEATTLE GRUNGE - 0 on 3 Attempt(s) - 0,00%
LONG BEACH BARACUDAS - 2 on 8 Attempt(s) - 25,00%

Penalty Kill

SEATTLE GRUNGE - 6 on 8 Attempt(s) - 75,00% - Score 0 goal in Penalty Kill
LONG BEACH BARACUDAS - 3 on 3 Attempt(s) - 100,00% - Score 0 goal in Penalty Kill

Team Stat

SEATTLE GRUNGE - Hits : 21 - Faceoff Wins : 38 - Blocked Shots : 8 - Penalty Minutes : 16
LONG BEACH BARACUDAS - Hits : 7 - Faceoff Wins : 42 - Blocked Shots : 5 - Penalty Minutes : 6

Official

Referees : Francis Charron and Mike Duco
Linesman : Travis Toomey and Neil Campbell

Game Notes

No Game Note

Finance

Level 1 -- Attendance: 5542 (78,06%) -- Ticket Income 1 113 942 $
Level 2 -- Attendance: 5534 (93,40%) -- Ticket Income 641 944 $
Level 3 -- Attendance: 2244 (55,41%) -- Ticket Income 231 132 $
Level 4 -- Attendance: 5696 (86,63%) -- Ticket Income 313 280 $
Luxury Box -- Attendance: 951 (70,44%) -- Ticket Income 299 565 $
Game was played at the MONSTER ENERGY CENTER.
Total Attendance: 19967 (79,87%)
Total Ticket Income: 2 599 863 $
Other Expense: 25 999 $
Total Income: 2 573 864 $

SEATTLE GRUNGE

5 vs 5 Forward 
   Center                   Left Wing                Right Wing               Time % Phy DF OF 
 1 Tyler Seguin             Mike Hoffman             Jake Guentzel            36     1   1  3  
 2 Kevin Rooney             Carl Hagelin             Conor Sheary             31     1   3  1  
 3 Eric Staal               Trevor Lewis             James Neal               23     1   3  1  
 4 Carter Rowney            Morgan Geekie            Wayne Simmonds           10     1   3  1  

5 vs 5 Defense 
   Defense                  Defense                                           Time % Phy DF OF 
 1 Roman Josi               Damon Severson                                    38     1   2  2  
 2 David Savard             Travis Sanheim                                    34     1   2  2  
 3 Matthew Grzelcyk         Danny DeKeyser                                    28     1   2  2  
 4 Roman Josi               Damon Severson                                    0      1   2  2  

PowerPlay Forward 
   Center                   Left Wing                Right Wing               Time % Phy DF OF 
 1 Tyler Seguin             Mike Hoffman             Jake Guentzel            55     1   2  2  
 2 Morgan Geekie            Carl Hagelin             Conor Sheary             45     1   2  2  

PowerPlay Defense
   Defense                  Defense                                           Time % Phy DF OF 
 1 Roman Josi               Matthew Grzelcyk                                  55     1   2  2  
 2 Travis Sanheim           Damon Severson                                    45     1   2  2  

Penalty Kill 4 Players Forward 
   Center                   Wing                     Time % Phy DF OF 
 1 Carter Rowney            Conor Sheary             55     1   2  2  
 2 Morgan Geekie            Carl Hagelin             45     1   2  2  

Penalty Kill 4 Players Defense
   Defense                  Defense                  Time % Phy DF OF 
 1 Roman Josi               Damon Severson           55     1   2  2  
 2 David Savard             Travis Sanheim           45     1   2  2  

Penalty Kill - 3 Players Forward 
   Forward                                           Time % Phy DF OF 
 1 Carter Rowney                                     55     1   2  2  
 2 Morgan Geekie                                     45     1   2  2  

Penalty Kill - 3 Players Defense
   Defense                  Defense                  Time % Phy DF OF 
 1 Roman Josi               Damon Severson           55     1   2  2  
 2 David Savard             Travis Sanheim           45     1   2  2  

4 vs 4 Forward 
   Center                   Wing                     Time % Phy DF OF 
 1 Jake Guentzel            Mike Hoffman             55     1   2  2  
 2 Carl Hagelin             Conor Sheary             45     1   2  2  

4 vs 4 Defense
   Defense                  Defense                  Time % Phy DF OF 
 1 Roman Josi               Damon Severson           55     1   2  2  
 2 David Savard             Travis Sanheim           45     1   2  2  

Last Minutes Offensive
   Center                   Left Wing                Right Wing               Defense                  Defense                  
   Jake Guentzel            Mike Hoffman             Conor Sheary             Roman Josi               Damon Severson           

Last Minutes Defensive
   Center                   Left Wing                Right Wing               Defense                  Defense                  
   Jake Guentzel            Mike Hoffman             Conor Sheary             Roman Josi               Damon Severson           

Goaltenders
Starting : Ryan Miller              
Backup : Semyon Varlamov          

Extra Forwards
Normal : Morgan Geekie, James Neal, Wayne Simmonds - PP : Morgan Geekie, James Neal - PK : Wayne Simmonds
Extra Defensemen
Normal : Matthew Grzelcyk, Danny DeKeyser, David Savard - PP : Matthew Grzelcyk - PK : Danny DeKeyser, David Savard
Penalty Shots
Jake Guentzel, Mike Hoffman, Carl Hagelin, Conor Sheary, Eric Staal
Custom OT Lines Forwards
Jake Guentzel, Mike Hoffman, Carl Hagelin, Conor Sheary, Eric Staal, Tyler Seguin, James Neal, Wayne Simmonds, Carter Rowney, Trevor Lewis
Custom OT Lines Defensemen
Roman Josi, Damon Severson, David Savard, Travis Sanheim, Matthew Grzelcyk

Scratches
None

LONG BEACH BARACUDAS

5 vs 5 Forward 
   Center                   Left Wing                Right Wing               Time % Phy DF OF 
 1 Brock Nelson             Taylor Hall              Robert Fabbri            34     0   1  4  
 2 Joshua Norris            Jaden Schwartz           Jakub Voracek            34     0   2  3  
 3 Derek Stepan             Max Domi                 J.T. Compher             22     0   3  2  
 4 Victor Rask              Patrick Marleau          Alexandre Texier         10     0   3  2  

5 vs 5 Defense 
   Defense                  Defense                                           Time % Phy DF OF 
 1 Alex Pietrangelo         Trevor van Riemsdyk                               36     0   2  3  
 2 Jared Spurgeon           Michael Del Zotto                                 31     0   2  3  
 3 Jake Gardiner            Callan Foote                                      23     0   3  2  
 4 Trevor van Riemsdyk      Jared Spurgeon                                    10     1   2  2  

PowerPlay Forward 
   Center                   Left Wing                Right Wing               Time % Phy DF OF 
 1 Victor Rask              Jaden Schwartz           Robert Fabbri            55     0   1  4  
 2 Brock Nelson             Taylor Hall              Jakub Voracek            45     0   1  4  

PowerPlay Defense
   Defense                  Defense                                           Time % Phy DF OF 
 1 Michael Del Zotto        Joshua Norris                                     55     0   1  4  
 2 Jake Gardiner            J.T. Compher                                      45     0   1  4  

Penalty Kill 4 Players Forward 
   Center                   Wing                     Time % Phy DF OF 
 1 Derek Stepan             J.T. Compher             55     0   4  1  
 2 Victor Rask              Patrick Marleau          45     0   4  1  

Penalty Kill 4 Players Defense
   Defense                  Defense                  Time % Phy DF OF 
 1 Alex Pietrangelo         Michael Del Zotto        55     0   5  0  
 2 Callan Foote             Jared Spurgeon           45     0   5  0  

Penalty Kill - 3 Players Forward 
   Forward                                           Time % Phy DF OF 
 1 Victor Rask                                       55     0   5  0  
 2 Derek Stepan                                      45     0   5  0  

Penalty Kill - 3 Players Defense
   Defense                  Defense                  Time % Phy DF OF 
 1 Alex Pietrangelo         Jared Spurgeon           55     0   5  0  
 2 Callan Foote             Michael Del Zotto        45     0   5  0  

4 vs 4 Forward 
   Center                   Wing                     Time % Phy DF OF 
 1 Max Domi                 J.T. Compher             55     0   2  3  
 2 Victor Rask              Alexandre Texier         45     0   2  3  

4 vs 4 Defense
   Defense                  Defense                  Time % Phy DF OF 
 1 Trevor van Riemsdyk      Jake Gardiner            55     0   3  2  
 2 Callan Foote             Michael Del Zotto        45     0   3  2  

Last Minutes Offensive
   Center                   Left Wing                Right Wing               Defense                  Defense                  
   Joshua Norris            Taylor Hall              Jakub Voracek            Alex Pietrangelo         Jared Spurgeon           

Last Minutes Defensive
   Center                   Left Wing                Right Wing               Defense                  Defense                  
   J.T. Compher             Jaden Schwartz           Alexandre Texier         Alex Pietrangelo         Trevor van Riemsdyk      

Goaltenders
Starting : Jake Oettinger           
Backup : Martin Jones             

Extra Forwards
Normal : Max Domi, Robert Fabbri, Alexandre Texier - PP : Max Domi, J.T. Compher - PK : Patrick Marleau
Extra Defensemen
Normal : Jake Gardiner, Trevor van Riemsdyk, Callan Foote - PP : Jake Gardiner - PK : Trevor van Riemsdyk, Callan Foote
Penalty Shots
Jakub Voracek, Taylor Hall, Brock Nelson, Jaden Schwartz, Robert Fabbri
Custom OT Lines Forwards
Jakub Voracek, Taylor Hall, Brock Nelson, Jaden Schwartz, J.T. Compher, Joshua Norris, Robert Fabbri, Derek Stepan, Patrick Marleau, Victor Rask
Custom OT Lines Defensemen
Alex Pietrangelo, Jared Spurgeon, Callan Foote, Michael Del Zotto, Jake Gardiner

Scratches
P.K. Subban (Torso Injury)

% Time on Ice - SEATTLE GRUNGE

Lines # - Real PCT - Wanted PCT - Time Play
Normal Forward
1 - 37% - 36% - 14:36
2 - 27% - 31% - 10:39
3 - 27% - 23% - 10:45
4 - 9% - 10% - 3:33
Normal Defense
1 - 37% - 38% - 14:47
2 - 33% - 34% - 13:02
3 - 30% - 28% - 11:44
4 - 0% - 0% - 0:00
PP Forward
1 - 60% - 55% - 3:33
2 - 40% - 45% - 2:24
PP Defense
1 - 47% - 55% - 2:47
2 - 53% - 45% - 3:10
PK Forward
1 - 59% - 55% - 8:34
2 - 41% - 45% - 5:56
PK Defense
1 - 49% - 55% - 7:04
2 - 51% - 45% - 7:26
PK3 Forward
1 - 0% - 55%
2 - 0% - 45%
PK3 Defense
1 - 0% - 55%
2 - 0% - 45%
44 Forward
1 - 0% - 55%
2 - 0% - 45%
44 Defense
1 - 0% - 55%
2 - 0% - 45%
Last Minute Offensive  - 0:00
Last Minute Defensive  - 0:00
Total
Forward - 60:00
Defense - 60:00

% Time on Ice - LONG BEACH BARACUDAS

Lines # - Real PCT - Wanted PCT - Time Play
Normal Forward
1 - 33% - 34% - 13:04
2 - 31% - 34% - 12:08
3 - 24% - 22% - 9:37
4 - 12% - 10% - 4:44
Normal Defense
1 - 40% - 36% - 15:41
2 - 34% - 31% - 13:26
3 - 22% - 23% - 8:47
4 - 4% - 10% - 1:39
PP Forward
1 - 50% - 55% - 7:18
2 - 50% - 45% - 7:12
PP Defense
1 - 49% - 55% - 7:07
2 - 51% - 45% - 7:23
PK Forward
1 - 56% - 55% - 3:19
2 - 44% - 45% - 2:38
PK Defense
1 - 60% - 55% - 3:33
2 - 40% - 45% - 2:24
PK3 Forward
1 - 0% - 55%
2 - 0% - 45%
PK3 Defense
1 - 0% - 55%
2 - 0% - 45%
44 Forward
1 - 0% - 55%
2 - 0% - 45%
44 Defense
1 - 0% - 55%
2 - 0% - 45%
Last Minute Offensive  - 0:00
Last Minute Defensive  - 0:00
Total
Forward - 60:00
Defense - 60:00

Play-by-Play

1st period


0:01 of 1st period - Brock Nelson wins face-off versus Tyler Seguin in neutral zone.
0:10 of 1st period - Shot by Jake Guentzel.
0:10 of 1st period - Deflect By Tyler Seguin.
0:10 of 1st period - Shot Misses the Net.
0:20 of 1st period - Shot by Taylor Hall.
0:20 of 1st period - Shot Blocked by Roman Josi.
0:22 of 1st period - Shot by Brock Nelson.
0:22 of 1st period - Stopped by Ryan Miller without a rebound.
0:23 of 1st period - Kevin Rooney wins face-off versus Joshua Norris in SEATTLE GRUNGE zone.
2:33 of 1st period - Shot by Robert Fabbri.
2:33 of 1st period - Shot Misses the Net.
2:37 of 1st period - Shot by Taylor Hall.
2:37 of 1st period - Shot Misses the Net.
2:43 of 1st period - Shot by Brock Nelson.
2:43 of 1st period - Shot Misses the Net.
2:57 of 1st period - Icing by Alex Pietrangelo.
2:58 of 1st period - Brock Nelson wins face-off versus Tyler Seguin in LONG BEACH BARACUDAS zone.
3:37 of 1st period - Shot by Jake Guentzel.
3:37 of 1st period - Shot Misses the Net.
4:12 of 1st period - Shot by Jaden Schwartz.
4:12 of 1st period - Deflect By Jakub Voracek.
4:12 of 1st period - Stopped by Ryan Miller without a rebound.
4:13 of 1st period - Derek Stepan wins face-off versus Carter Rowney in SEATTLE GRUNGE zone.
5:02 of 1st period - Minor Penalty to Travis Sanheim for Holding.
5:03 of 1st period - Victor Rask wins face-off versus Trevor Lewis in SEATTLE GRUNGE zone.
5:08 of 1st period - Shot by Robert Fabbri.
5:08 of 1st period - Shot Misses the Net.
5:10 of 1st period - Shot by Victor Rask.
5:10 of 1st period - Deflect By Robert Fabbri.
5:10 of 1st period - Shot Misses the Net.
5:12 of 1st period - Shot by Joshua Norris.
5:12 of 1st period - Stopped by Ryan Miller without a rebound.
5:13 of 1st period - Carter Rowney wins face-off versus Victor Rask in SEATTLE GRUNGE zone.
5:24 of 1st period - Victor Rask is hit by Carter Rowney and loses puck.
5:55 of 1st period - Icing by Joshua Norris.
5:56 of 1st period - Victor Rask wins face-off versus Carter Rowney in LONG BEACH BARACUDAS zone.
6:27 of 1st period - Shot by Taylor Hall.
6:27 of 1st period - Deflect By Brock Nelson.
6:27 of 1st period - Stopped by Ryan Miller without a rebound.
6:28 of 1st period - Morgan Geekie wins face-off versus Taylor Hall in SEATTLE GRUNGE zone.
6:36 of 1st period - Icing by Taylor Hall.
6:37 of 1st period - Brock Nelson wins face-off versus Morgan Geekie in LONG BEACH BARACUDAS zone.
6:48 of 1st period - Jakub Voracek is hit by Carl Hagelin and loses puck.
7:31 of 1st period - Shot by Jake Guentzel.
7:31 of 1st period - Stopped by Jake Oettinger with a rebound.
7:33 of 1st period - Shot by Matthew Grzelcyk.
7:33 of 1st period - Stopped by Jake Oettinger without a rebound.
7:34 of 1st period - Brock Nelson wins face-off versus Kevin Rooney in LONG BEACH BARACUDAS zone.
7:34 of 1st period - Brock Nelson is hit by Kevin Rooney.
7:52 of 1st period - Shot by Taylor Hall.
7:52 of 1st period - Goal by Taylor Hall - SEATTLE GRUNGE : 0 - LONG BEACH BARACUDAS : 1.
7:53 of 1st period - Joshua Norris wins face-off versus James Neal in neutral zone.
8:16 of 1st period - Shot by James Neal.
8:16 of 1st period - Stopped by Jake Oettinger without a rebound.
8:17 of 1st period - Kevin Rooney wins face-off versus Brock Nelson in LONG BEACH BARACUDAS zone.
8:23 of 1st period - Icing by Trevor van Riemsdyk.
8:24 of 1st period - Brock Nelson wins face-off versus Kevin Rooney in LONG BEACH BARACUDAS zone.
8:35 of 1st period - Shot by Robert Fabbri.
8:35 of 1st period - Shot Blocked by Damon Severson.
8:55 of 1st period - Shot by Carl Hagelin.
8:55 of 1st period - Shot Misses the Net.
9:04 of 1st period - Shot by Conor Sheary.
9:04 of 1st period - Stopped by Jake Oettinger without a rebound.
9:05 of 1st period - Joshua Norris wins face-off versus Tyler Seguin in LONG BEACH BARACUDAS zone.
9:46 of 1st period - Icing by Travis Sanheim.
9:47 of 1st period - Derek Stepan wins face-off versus Mike Hoffman in SEATTLE GRUNGE zone.
10:10 of 1st period - Shot by J.T. Compher.
10:10 of 1st period - Shot Misses the Net.
10:22 of 1st period - Shot by J.T. Compher.
10:22 of 1st period - The goal is going for a video replay.
10:22 of 1st period - The goal is refused.
10:23 of 1st period - Brock Nelson wins face-off versus Kevin Rooney in SEATTLE GRUNGE zone.
10:58 of 1st period - Shot by Taylor Hall.
10:58 of 1st period - Stopped by Ryan Miller with a rebound.
11:13 of 1st period - Off-side.
11:14 of 1st period - Joshua Norris wins face-off versus Eric Staal in neutral zone.
11:14 of 1st period - Jaden Schwartz is hit by Trevor Lewis and loses puck.
11:35 of 1st period - Icing by Jared Spurgeon.
11:36 of 1st period - Joshua Norris wins face-off versus Carter Rowney in LONG BEACH BARACUDAS zone.
12:13 of 1st period - Icing by Jared Spurgeon.
12:14 of 1st period - Tyler Seguin wins face-off versus Joshua Norris in LONG BEACH BARACUDAS zone.
12:17 of 1st period - Shot by Jake Guentzel.
12:17 of 1st period - Stopped by Jake Oettinger with a rebound.
14:18 of 1st period - Jared Spurgeon is hit by Danny DeKeyser and loses puck.
14:54 of 1st period - Jared Spurgeon is hit by Danny DeKeyser and loses puck.
15:09 of 1st period - Shot by Joshua Norris.
15:09 of 1st period - Stopped by Ryan Miller with a rebound.
15:26 of 1st period - Minor Penalty to Matthew Grzelcyk for Tripping.
15:27 of 1st period - Brock Nelson wins face-off versus Carter Rowney in SEATTLE GRUNGE zone.
16:27 of 1st period - Shot by Robert Fabbri.
16:27 of 1st period - Shot Blocked by Damon Severson.
16:48 of 1st period - Shot by Victor Rask.
16:48 of 1st period - Shot Blocked by David Savard.
16:50 of 1st period - Shot by Robert Fabbri.
16:50 of 1st period - Goal by Robert Fabbri - SEATTLE GRUNGE : 0 - LONG BEACH BARACUDAS : 2.
16:51 of 1st period - Tyler Seguin wins face-off versus Derek Stepan in neutral zone.
16:56 of 1st period - Shot by Jake Guentzel.
16:56 of 1st period - Deflect By Mike Hoffman.
16:56 of 1st period - Shot Blocked by Alex Pietrangelo.
17:13 of 1st period - Derek Stepan is hit by David Savard and loses puck.
17:33 of 1st period - Icing by Travis Sanheim.
17:34 of 1st period - Tyler Seguin wins face-off versus Brock Nelson in SEATTLE GRUNGE zone.
17:40 of 1st period - Off-side.
17:41 of 1st period - Brock Nelson wins face-off versus Eric Staal in neutral zone.
17:47 of 1st period - Brock Nelson is hit by James Neal and loses puck.
18:37 of 1st period - Icing by Matthew Grzelcyk.
18:38 of 1st period - Joshua Norris wins face-off versus Carter Rowney in SEATTLE GRUNGE zone.
18:41 of 1st period - Shot by Jaden Schwartz.
18:41 of 1st period - Stopped by Ryan Miller without a rebound.
18:42 of 1st period - Tyler Seguin wins face-off versus Joshua Norris in SEATTLE GRUNGE zone.
18:53 of 1st period - Icing by Alex Pietrangelo.
18:54 of 1st period - Joshua Norris wins face-off versus Kevin Rooney in LONG BEACH BARACUDAS zone.
18:54 of 1st period - Joshua Norris is hit by Kevin Rooney.
19:21 of 1st period - Icing by Damon Severson.
19:22 of 1st period - Brock Nelson wins face-off versus Conor Sheary in SEATTLE GRUNGE zone.
19:23 of 1st period - Shot by Taylor Hall.
19:23 of 1st period - Stopped by Ryan Miller without a rebound.
19:24 of 1st period - Eric Staal wins face-off versus Brock Nelson in SEATTLE GRUNGE zone.
19:33 of 1st period - Shot by James Neal.
19:33 of 1st period - Shot Blocked by Jake Gardiner.
19:47 of 1st period - Shot by James Neal.
19:47 of 1st period - Deflect By Eric Staal.
19:47 of 1st period - Shot Misses the Net.
Goals for this period are 0 for SEATTLE GRUNGE vs 2 for LONG BEACH BARACUDAS.
Shots for this period are 5 for SEATTLE GRUNGE vs 11 for LONG BEACH BARACUDAS.

2nd period


0:01 of 2nd period - Tyler Seguin wins face-off versus Jaden Schwartz in neutral zone.
0:06 of 2nd period - Shot by Roman Josi.
0:06 of 2nd period - Shot Misses the Net.
0:10 of 2nd period - Shot by Jake Guentzel.
0:10 of 2nd period - Stopped by Jake Oettinger without a rebound.
0:11 of 2nd period - Max Domi wins face-off versus Eric Staal in LONG BEACH BARACUDAS zone.
0:11 of 2nd period - Max Domi is hit by Trevor Lewis.
0:23 of 2nd period - Shot by Derek Stepan.
0:23 of 2nd period - Shot Misses the Net.
0:25 of 2nd period - Shot by J.T. Compher.
0:25 of 2nd period - Stopped by Ryan Miller with a rebound.
0:40 of 2nd period - Minor Penalty to Matthew Grzelcyk for Elbowing.
0:41 of 2nd period - Carter Rowney wins face-off versus Victor Rask in SEATTLE GRUNGE zone.
1:01 of 2nd period - Shot by Joshua Norris.
1:01 of 2nd period - Shot Blocked by Carter Rowney.
1:03 of 2nd period - Shot by Michael Del Zotto.
1:03 of 2nd period - Stopped by Ryan Miller without a rebound.
1:04 of 2nd period - Brock Nelson wins face-off versus Morgan Geekie in SEATTLE GRUNGE zone.
1:21 of 2nd period - Shot by J.T. Compher.
1:21 of 2nd period - Stopped by Ryan Miller without a rebound.
1:22 of 2nd period - Victor Rask wins face-off versus Carter Rowney in SEATTLE GRUNGE zone.
1:25 of 2nd period - Shot by Joshua Norris.
1:25 of 2nd period - Stopped by Ryan Miller without a rebound.
1:26 of 2nd period - Robert Fabbri wins face-off versus Carter Rowney in SEATTLE GRUNGE zone.
1:30 of 2nd period - Jaden Schwartz is hit by Damon Severson and loses puck.
1:33 of 2nd period - Shot by J.T. Compher.
1:33 of 2nd period - Shot Misses the Net.
1:35 of 2nd period - Shot by J.T. Compher.
1:35 of 2nd period - Shot Misses the Net.
1:39 of 2nd period - Shot by Jaden Schwartz.
1:39 of 2nd period - Stopped by Ryan Miller without a rebound.
1:40 of 2nd period - Brock Nelson wins face-off versus Carter Rowney in SEATTLE GRUNGE zone.
2:13 of 2nd period - Shot by Joshua Norris.
2:13 of 2nd period - Stopped by Ryan Miller without a rebound.
2:14 of 2nd period - Morgan Geekie wins face-off versus Victor Rask in SEATTLE GRUNGE zone.
2:14 of 2nd period - Morgan Geekie is hit by Jaden Schwartz.
2:55 of 2nd period - Minor Penalty to Trevor van Riemsdyk for Cross-checking.
2:56 of 2nd period - Tyler Seguin wins face-off versus Derek Stepan in LONG BEACH BARACUDAS zone.
4:02 of 2nd period - Shot by Roman Josi.
4:02 of 2nd period - Deflect By Conor Sheary.
4:02 of 2nd period - Stopped by Jake Oettinger without a rebound.
4:03 of 2nd period - Victor Rask wins face-off versus Morgan Geekie in LONG BEACH BARACUDAS zone.
4:28 of 2nd period - Shot by Roman Josi.
4:28 of 2nd period - Stopped by Jake Oettinger without a rebound.
4:29 of 2nd period - Victor Rask wins face-off versus Tyler Seguin in LONG BEACH BARACUDAS zone.
5:07 of 2nd period - Icing by Jared Spurgeon.
5:08 of 2nd period - Joshua Norris wins face-off versus Conor Sheary in LONG BEACH BARACUDAS zone.
5:20 of 2nd period - Icing by Travis Sanheim.
5:21 of 2nd period - Kevin Rooney wins face-off versus Brock Nelson in SEATTLE GRUNGE zone.
5:28 of 2nd period - Shot by Carl Hagelin.
5:28 of 2nd period - Shot Blocked by Taylor Hall.
5:37 of 2nd period - Shot by Kevin Rooney.
5:37 of 2nd period - Shot Hit the Post.
5:39 of 2nd period - Shot by Carl Hagelin.
5:39 of 2nd period - Shot Misses the Net.
5:53 of 2nd period - Shot by Conor Sheary.
5:53 of 2nd period - Deflect By Kevin Rooney.
5:53 of 2nd period - Stopped by Jake Oettinger without a rebound.
5:54 of 2nd period - Tyler Seguin wins face-off versus Joshua Norris in LONG BEACH BARACUDAS zone.
5:59 of 2nd period - Shot by Mike Hoffman.
5:59 of 2nd period - Shot Hit the Post.
6:13 of 2nd period - Shot by Joshua Norris.
6:13 of 2nd period - Stopped by Ryan Miller without a rebound.
6:14 of 2nd period - Eric Staal wins face-off versus Derek Stepan in SEATTLE GRUNGE zone.
6:45 of 2nd period - Shot by J.T. Compher.
6:45 of 2nd period - Shot Misses the Net.
6:47 of 2nd period - Shot by Jared Spurgeon.
6:47 of 2nd period - Stopped by Ryan Miller without a rebound.
6:48 of 2nd period - Tyler Seguin wins face-off versus Jakub Voracek in SEATTLE GRUNGE zone.
6:54 of 2nd period - Shot by Tyler Seguin.
6:54 of 2nd period - Deflect By Jake Guentzel.
6:54 of 2nd period - Shot Misses the Net.
7:43 of 2nd period - Icing by Jake Guentzel.
7:44 of 2nd period - Brock Nelson wins face-off versus Tyler Seguin in SEATTLE GRUNGE zone.
9:18 of 2nd period - Shot by Max Domi.
9:18 of 2nd period - Shot Misses the Net.
9:21 of 2nd period - J.T. Compher is hit by David Savard and loses puck.
9:45 of 2nd period - Off-side.
9:46 of 2nd period - Trevor Lewis wins face-off versus Joshua Norris in neutral zone.
9:55 of 2nd period - Shot by James Neal.
9:55 of 2nd period - Shot Misses the Net.
10:03 of 2nd period - Danny DeKeyser is hit by Jakub Voracek.
10:04 of 2nd period - Icing by Danny DeKeyser.
10:05 of 2nd period - Eric Staal wins face-off versus Victor Rask in SEATTLE GRUNGE zone.
10:09 of 2nd period - Off-side.
10:10 of 2nd period - Carter Rowney wins face-off versus Joshua Norris in neutral zone.
10:12 of 2nd period - Minor Penalty to Jared Spurgeon for Cross-checking.
10:13 of 2nd period - Morgan Geekie wins face-off versus J.T. Compher in LONG BEACH BARACUDAS zone.
10:22 of 2nd period - Shot by Matthew Grzelcyk.
10:22 of 2nd period - Stopped by Jake Oettinger without a rebound.
10:23 of 2nd period - Tyler Seguin wins face-off versus Derek Stepan in LONG BEACH BARACUDAS zone.
10:26 of 2nd period - Shot by Mike Hoffman.
10:26 of 2nd period - Stopped by Jake Oettinger without a rebound.
10:27 of 2nd period - Tyler Seguin wins face-off versus Derek Stepan in LONG BEACH BARACUDAS zone.
10:40 of 2nd period - Shot by Roman Josi.
10:40 of 2nd period - Stopped by Jake Oettinger without a rebound.
10:41 of 2nd period - Morgan Geekie wins face-off versus Derek Stepan in LONG BEACH BARACUDAS zone.
10:48 of 2nd period - Shot by Conor Sheary.
10:48 of 2nd period - Shot Misses the Net.
10:50 of 2nd period - Shot by Carl Hagelin.
10:50 of 2nd period - Stopped by Jake Oettinger without a rebound.
10:51 of 2nd period - Derek Stepan wins face-off versus Jake Guentzel in LONG BEACH BARACUDAS zone.
10:58 of 2nd period - Shot by Jake Guentzel.
10:58 of 2nd period - Shot Misses the Net.
11:00 of 2nd period - Shot by Mike Hoffman.
11:00 of 2nd period - Shot Misses the Net.
11:02 of 2nd period - Shot by Matthew Grzelcyk.
11:02 of 2nd period - Shot Misses the Net.
12:22 of 2nd period - Icing by Jared Spurgeon.
12:23 of 2nd period - Jakub Voracek wins face-off versus Trevor Lewis in LONG BEACH BARACUDAS zone.
13:18 of 2nd period - Alex Pietrangelo is hit by James Neal and loses puck.
13:30 of 2nd period - Shot by Taylor Hall.
13:30 of 2nd period - Shot Misses the Net.
13:42 of 2nd period - Shot by Robert Fabbri.
13:42 of 2nd period - Shot Blocked by Matthew Grzelcyk.
14:27 of 2nd period - Shot by Mike Hoffman.
14:27 of 2nd period - Shot Misses the Net.
15:28 of 2nd period - Shot by Jaden Schwartz.
15:28 of 2nd period - Stopped by Ryan Miller without a rebound.
15:29 of 2nd period - Brock Nelson wins face-off versus Carter Rowney in SEATTLE GRUNGE zone.
15:35 of 2nd period - Icing by Travis Sanheim.
15:36 of 2nd period - Carter Rowney wins face-off versus Joshua Norris in SEATTLE GRUNGE zone.
15:44 of 2nd period - Wayne Simmonds is hit by Jared Spurgeon and loses puck.
16:26 of 2nd period - Minor Penalty to Jaden Schwartz for Interference.
16:27 of 2nd period - Tyler Seguin wins face-off versus Victor Rask in LONG BEACH BARACUDAS zone.
16:56 of 2nd period - Shot by Jake Guentzel.
16:56 of 2nd period - Stopped by Jake Oettinger without a rebound.
16:57 of 2nd period - Morgan Geekie wins face-off versus Derek Stepan in LONG BEACH BARACUDAS zone.
17:04 of 2nd period - Shot by Conor Sheary.
17:04 of 2nd period - Shot Misses the Net.
17:10 of 2nd period - Shot by Matthew Grzelcyk.
17:10 of 2nd period - Shot Blocked by Jared Spurgeon.
17:12 of 2nd period - Shot by Conor Sheary.
17:12 of 2nd period - Stopped by Jake Oettinger with a rebound.
17:14 of 2nd period - Shot by Roman Josi.
17:14 of 2nd period - Stopped by Jake Oettinger with a rebound.
18:31 of 2nd period - Shot by Jakub Voracek.
18:31 of 2nd period - Shot Misses the Net.
18:45 of 2nd period - Shot by Joshua Norris.
18:45 of 2nd period - Deflect By Jakub Voracek.
18:45 of 2nd period - Shot Misses the Net.
18:47 of 2nd period - Shot by Jaden Schwartz.
18:47 of 2nd period - Stopped by Ryan Miller without a rebound.
18:48 of 2nd period - Carl Hagelin wins face-off versus Taylor Hall in SEATTLE GRUNGE zone.
18:48 of 2nd period - Roman Josi is hit by Brock Nelson and loses puck.
19:41 of 2nd period - Shot by Joshua Norris.
19:41 of 2nd period - Stopped by Ryan Miller with a rebound.
Goals for this period are 0 for SEATTLE GRUNGE vs 0 for LONG BEACH BARACUDAS.
Shots for this period are 11 for SEATTLE GRUNGE vs 11 for LONG BEACH BARACUDAS.

3rd period


0:01 of 3rd period - Tyler Seguin wins face-off versus Brock Nelson in neutral zone.
0:09 of 3rd period - Icing by Alex Pietrangelo.
0:10 of 3rd period - Kevin Rooney wins face-off versus Brock Nelson in LONG BEACH BARACUDAS zone.
0:16 of 3rd period - Icing by Alex Pietrangelo.
0:17 of 3rd period - Tyler Seguin wins face-off versus Brock Nelson in LONG BEACH BARACUDAS zone.
0:34 of 3rd period - Icing by Damon Severson.
0:35 of 3rd period - Joshua Norris wins face-off versus Tyler Seguin in SEATTLE GRUNGE zone.
0:57 of 3rd period - Shot by Mike Hoffman.
0:57 of 3rd period - Shot Blocked by Jared Spurgeon.
0:59 of 3rd period - Shot by Tyler Seguin.
0:59 of 3rd period - Shot Misses the Net.
1:01 of 3rd period - Shot by Roman Josi.
1:01 of 3rd period - Shot Misses the Net.
1:56 of 3rd period - Minor Penalty to David Savard for Hooking.
1:57 of 3rd period - Victor Rask wins face-off versus Carter Rowney in SEATTLE GRUNGE zone.
1:58 of 3rd period - Shot by J.T. Compher.
1:58 of 3rd period - Shot Blocked by Damon Severson.
2:04 of 3rd period - Jaden Schwartz is hit by Carter Rowney and loses puck.
2:17 of 3rd period - Shot by J.T. Compher.
2:17 of 3rd period - Shot Misses the Net.
3:28 of 3rd period - Shot by Joshua Norris.
3:28 of 3rd period - Goal by Joshua Norris - SEATTLE GRUNGE : 0 - LONG BEACH BARACUDAS : 3.
3:29 of 3rd period - Tyler Seguin wins face-off versus Derek Stepan in neutral zone.
3:35 of 3rd period - Icing by Trevor van Riemsdyk.
3:36 of 3rd period - Derek Stepan wins face-off versus Tyler Seguin in LONG BEACH BARACUDAS zone.
4:18 of 3rd period - Icing by Alex Pietrangelo.
4:19 of 3rd period - J.T. Compher wins face-off versus Eric Staal in LONG BEACH BARACUDAS zone.
4:19 of 3rd period - J.T. Compher is hit by James Neal.
4:44 of 3rd period - Shot by Robert Fabbri.
4:44 of 3rd period - Shot Misses the Net.
4:51 of 3rd period - Robert Fabbri is hit by David Savard and loses puck.
4:52 of 3rd period - Minor Penalty to David Savard for Roughing.
4:53 of 3rd period - Victor Rask wins face-off versus Carter Rowney in SEATTLE GRUNGE zone.
5:15 of 3rd period - Jaden Schwartz is hit by Roman Josi and loses puck.
6:08 of 3rd period - Shot by Jakub Voracek.
6:08 of 3rd period - Stopped by Ryan Miller without a rebound.
6:09 of 3rd period - Carter Rowney wins face-off versus Brock Nelson in SEATTLE GRUNGE zone.
7:24 of 3rd period - Shot by Jake Guentzel.
7:24 of 3rd period - Stopped by Jake Oettinger with a rebound.
7:33 of 3rd period - Icing by Alex Pietrangelo.
7:34 of 3rd period - Alexandre Texier wins face-off versus Eric Staal in LONG BEACH BARACUDAS zone.
7:34 of 3rd period - Alex Pietrangelo is hit by Trevor Lewis and loses puck.
8:11 of 3rd period - Shot by Joshua Norris.
8:11 of 3rd period - Shot Blocked by Roman Josi.
8:16 of 3rd period - Minor Penalty to Trevor Lewis for Cross-checking.
8:17 of 3rd period - Brock Nelson wins face-off versus Carter Rowney in SEATTLE GRUNGE zone.
9:34 of 3rd period - Icing by J.T. Compher.
9:35 of 3rd period - Victor Rask wins face-off versus Morgan Geekie in LONG BEACH BARACUDAS zone.
10:35 of 3rd period - Max Domi is hit by Matthew Grzelcyk and loses puck.
10:42 of 3rd period - Shot by Derek Stepan.
10:42 of 3rd period - Stopped by Ryan Miller with a rebound.
11:19 of 3rd period - Minor Penalty to Danny DeKeyser for Holding.
11:20 of 3rd period - Taylor Hall wins face-off versus Carter Rowney in SEATTLE GRUNGE zone.
14:37 of 3rd period - Mike Hoffman is hit by Callan Foote and loses puck.
15:18 of 3rd period - Icing by Jared Spurgeon.
15:19 of 3rd period - Kevin Rooney wins face-off versus Joshua Norris in LONG BEACH BARACUDAS zone.
15:34 of 3rd period - Conor Sheary is hit by Jaden Schwartz and loses puck.
15:49 of 3rd period - Shot by Jaden Schwartz.
15:49 of 3rd period - Stopped by Ryan Miller without a rebound.
15:50 of 3rd period - Alexandre Texier wins face-off versus Carter Rowney in SEATTLE GRUNGE zone.
15:54 of 3rd period - Icing by Danny DeKeyser.
15:55 of 3rd period - Carter Rowney wins face-off versus Victor Rask in SEATTLE GRUNGE zone.
15:55 of 3rd period - Carter Rowney is hit by Alexandre Texier.
16:26 of 3rd period - Victor Rask is hit by Danny DeKeyser and loses puck.
17:13 of 3rd period - Shot by Joshua Norris.
17:13 of 3rd period - Stopped by Ryan Miller without a rebound.
17:14 of 3rd period - Tyler Seguin wins face-off versus Brock Nelson in SEATTLE GRUNGE zone.
17:38 of 3rd period - Icing by Jared Spurgeon.
17:39 of 3rd period - Robert Fabbri wins face-off versus Eric Staal in LONG BEACH BARACUDAS zone.
17:39 of 3rd period - Robert Fabbri is hit by Trevor Lewis.
18:03 of 3rd period - Shot by Eric Staal.
18:03 of 3rd period - Shot Misses the Net.
18:20 of 3rd period - Minor Penalty to David Savard for Holding Stick.
18:21 of 3rd period - Carter Rowney wins face-off versus Victor Rask in SEATTLE GRUNGE zone.
19:54 of 3rd period - Shot by Jaden Schwartz.
19:54 of 3rd period - Stopped by Ryan Miller without a rebound.
19:55 of 3rd period - Carter Rowney wins face-off versus Victor Rask in SEATTLE GRUNGE zone.
Goals for this period are 0 for SEATTLE GRUNGE vs 1 for LONG BEACH BARACUDAS.
Shots for this period are 1 for SEATTLE GRUNGE vs 6 for LONG BEACH BARACUDAS.


NATHAN
MACKINNON
PHILLIP
DANAULT
CONNOR
MCDAVID

EAST COAST

HOCKEY LEAGUE

  • 25.QUE4CHI5
  • 26.CHA2LIM3
  • 27.TRV2LON3
  • 28.CHW4BAL2
  • 29.PITMAN
  • 30.ATLNHW
  • 31.WORPET
  • 32.RHI